 Dungeon Crawl Stone Soup version 0.21.0-22-g11d5b52 (webtiles) character file.

37 mopl the Insei (level 3, -5/26 HPs)
             Began as a Barachi Transmuter on Jan 18, 2018.
             Slain by Natasha (7 damage)
             ... on level 2 of the Dungeon.
             The game lasted 00:01:53 (1009 turns).

mopl the Insei (Barachi Transmuter)                 Turns: 1009, Time: 00:01:54

Health: -5/26      AC:  2    Str: 11    XL:     3   Next: 41%
Magic:  3/6        EV: 20    Int: 14    God:
Gold:   101        SH:  0    Dex: 17    Spells: 1/7 levels left

rFire    . . .     SeeInvis .     - Unarmed
rCold    . . .     Gourm    .   (shield currently unavailable)
rNeg     . . .     Faith    .   (armour currently unavailable)
rPois    x         Spirit   .   (helmet currently unavailable)
rElec    .         Reflect  .   (cloak currently unavailable)
rCorr    .         Harm     .   (gloves currently unavailable)
MR       .....                  (boots currently unavailable)
Stlth    ++........             (no amulet)
HPRegen  0.08/turn              (no ring)
MPRegen  0.10/turn              (no ring)

@: spider-form (expiring)
A: tiny, +LOS, swims
a: End Transformation


You were on level 2 of the Dungeon.
You were not hungry.
You were a venomous arachnid creature.
You visited 1 branch of the dungeon, and saw 2 of its levels.

You collected 101 gold pieces.

Inventory:

Missiles
 a - 12 arrows
Armour
 b - a +0 robe (melded)
 e - a +1 cloak (melded)
Scrolls
 f - a scroll of identify {unknown}
 g - a scroll of teleportation {unknown}
Potions
 h - 2 potions of curing {unknown}
 i - 2 potions of agility {unknown}
Books
 c - a book of Changes

   Spells                             Type                      Level
   a - Beastly Appendage              Transmutation                1
   b - Sticks to Snakes               Transmutation                2
   c - Spider Form                    Transmutation/Poison         3
   d - Ice Form                       Ice/Transmutation            4
   e - Blade Hands                    Transmutation                5
Comestibles
 d - a ration
 j - 2 chunks of flesh


   Skills:
 - Level 1.2 Fighting
 - Level 2.1 Dodging
 * Level 4.1 Unarmed Combat
 + Level 2.6 Spellcasting
 + Level 2.7 Transmutations
 + Level 0.3 Poison Magic


You had one spell level left.
You knew the following spells:

 Your Spells              Type           Power        Failure   Level  Hunger
a - Beastly Appendage     Tmut           #.....       19%         1    #......
b - Spider Form           Tmut/Pois      #.........   56%         3    ###....
w - Sticks to Snakes      Tmut           #.......     26%         2    ###....


Dungeon Overview and Level Annotations

Branches:
Dungeon (2/15)

Altars:

Annotations:
D:2 Natasha


Innate Abilities, Weirdness & Mutations

Shadows flee at your approach. (+LOS)
You can swim through water.
((You cover ground slowly.))
((You can hop short distances.))


Message History

Unknown command.
You barely miss Natasha.
Natasha is heavily wounded.
Natasha barely misses you. The bat misses you.
A kobold comes into view. It is wielding a dagger.
Unknown command.
You barely miss Natasha.
Natasha is heavily wounded.
The bat hits you.
* * * LOW HITPOINT WARNING * * *
The crimson imp blinks!
Natasha claws you.
* * * LOW HITPOINT WARNING * * *
A jackal comes into view.
Unknown command.
The jackal barks!
You hit Natasha.
Natasha is severely wounded.
The crimson imp closely misses you. The bat closely misses you.
Natasha claws you!
You die...

######.#
#....).#
#.###### # #.#
#. #.# #.####
#.# #.?..## #.#
l.h#.#.#bh.###.#
#.#
#.hh.h5s§.....#
#.#
#...K.#...#####
#.# #.#.#
##.########.# #
#..........#
############


You could see an iguana (wandering), Natasha, a crimson imp, 4 jackals, a bat
and a kobold.

Vanquished Creatures
  An ooze (D:1)
  2 dart slugs (D:1)
  A leopard gecko (D:1)
  3 bats (D:1)
  2 giant cockroaches (D:1)
  4 goblins
  7 hobgoblins
  2 frilled lizards (D:1)
  3 kobolds (D:1)
  2 rats (D:1)
27 creatures vanquished.

Notes
Turn   | Place    | Note
-------+----------+-------------------------------------------
     0 | D:1      | mopl the Barachi Transmuter began the quest for the Orb.
     0 | D:1      | Reached XP level 1. HP: 15/15 MP: 3/3
   236 | D:1      | Reached XP level 2. HP: 13/21 MP: 3/5
   250 | D:1      | Learned a level 2 spell: Sticks to Snakes
   491 | D:1      | Reached skill level 4 in Unarmed Combat
   491 | D:1      | Reached XP level 3. HP: 24/26 MP: 4/6
   496 | D:1      | Learned a level 3 spell: Spider Form
  1002 | D:2      | Noticed Natasha
  1009 | D:2      | Slain by Natasha

Skill      XL: |  1  2 |
---------------+-------+-----
Unarmed Combat | 4 |  4.1
Fighting       | |  1.2
Dodging        | |  2.1
Spellcasting   | |  2.6
Transmutations | |  2.7
Poison Magic   | |  0.3

Action                   || total
-------------------------++-------
Melee: Unarmed           ||    78
       Headbutt          ||     7
       Kick              ||     2
       Punch             ||     1
 Cast: Beastly Appendage ||    14
       Spider Form       ||     1
 Stab: Sleeping          ||     1
  Eat: Chunk             ||     1
Armor: Robe              ||    16
Dodge: Dodged            ||    55
